 Dungeon Crawl Stone Soup version 0.31.0-11-ge490571c62 (webtiles) character file.

Game seed: 11426072624574897756

209 Arctor the Magician (level 5, -5/42 HPs)
             Began as a Deep Elf Fire Elementalist on Feb 1, 2024.
             Slain by Duvessa
             ... wielding a +0 short sword
              (13 damage)
             ... on level 4 of the Dungeon.
             The game lasted 00:05:16 (3731 turns).

Arctor the Magician (Deep Elf Fire Elementalist)    Turns: 3731, Time: 00:05:17

Health: -5/42      AC:  2    Str:  5    XL:     5   Next: 55%
Magic:  1/13       EV: 13    Int: 22    God:
Gold:   199        SH:  0    Dex: 15    Spells: 9/12 levels left

rFire   . . .        q - +0 triple crossbow
rCold   . . .        (shield currently unavailable)
rNeg    . . .        a - +0 robe
rPois   .            (no helmet)
rElec   .            (no cloak)
rCorr   .            (no gloves)
SInv    .            (no boots)
Will    .....        (no amulet) Stlth
                     (no ring)
HPRegen 0.27/turn    (no ring)
MPRegen 0.13/turn

%: no passive effects
@: berserking, hasted, very quick
A: no striking features
a: no special abilities


You were on level 4 of the Dungeon.
You visited 1 branch of the dungeon, and saw 4 of its levels.

You collected 199 gold pieces.

Inventory:

Hand Weapons
 f - a +2 vampiric dagger
 j - a +2 dagger of venom
 m - a +3 dagger
 q - a +0 triple crossbow (weapon)
Armour
 a - a +0 robe (worn)
Jewellery
 l - an amulet of the acrobat
 u - a +6 ring of dexterity
Wands
 s - a wand of roots (8)
Scrolls
 g - a scroll of enchant weapon {unknown}
 h - 2 scrolls of silence
 n - a scroll of identify {unknown}
 r - 2 scrolls of vulnerability {unknown}
Potions
 b - a potion of magic
 c - a potion of haste
 d - 2 potions of berserk rage
 e - 2 potions of brilliance {unknown}
 i - a potion of degeneration {unknown}
 k - a potion of mutation {unknown}
 o - a potion of curing {unknown}
 p - a potion of resistance {unknown}
 t - 2 potions of ambrosia {unknown}
 v - a potion of heal wounds {unknown}


   Skills:
 + Level 1.3 Ranged Weapons
 + Level 3.7 Dodging
 + Level 4.0 Stealth
 + Level 4.4 Spellcasting
 + Level 2.6 Conjurations
 + Level 4.2 Fire Magic


You had 9 spell levels left.
You knew the following spells:

 Your Spells              Type           Power      Damage    Failure   Level
a - Foxfire               Conj/Fire      76%        2x1d7     2%          1
b - Scorch                Fire           46%        2d6       3%          2

Your spell library contained the following spells:

 Spells                   Type           Power      Damage    Failure   Level
 Inner Flame              Hex/Fire       14%        N/A       14%         3
 Volatile Blastmotes      Fire/Tloc      28%        2d12      14%         3
 Flame Wave               Conj/Fire      19%        2d7       26%         4


Dungeon Overview and Level Annotations

Branches:
Dungeon (4/15)
 Temple: D:4-7

Altars:

Shops:
D:2 [[(

Annotations:
D:4 Duvessa


Message History

Dowan is severely wounded.
Dowan's fire resistance burns away.
You hear a shout!
The foxfire hits Dowan.
Dowan is burned terribly!
Dowan is almost dead.
You shoot a bolt. The bolt barely misses Dowan.
Dowan barely misses you.
Duvessa, Sister of Dowan comes into view.
She is wielding a +0 short sword.
Dowan hits you with a +0 dagger.
You shoot a bolt. The bolt completely misses Dowan.
Dowan is no longer more vulnerable to fire.
Dowan barely misses you. Dowan hits you with a +0 dagger.
Casting: Scorch (safe; 3% risk of failure)
Confirm with . or Enter, or press ? or * to list all spells.
Flames lash Dowan.
You kill Dowan!
You hear a distant scream of rage.
Your Ranged Weapons skill increases to level 1!
Your Stealth skill increases to level 4!
Duvessa goes berserk!
You hear the slow hiss of a distant avalanche of sand.
Duvessa rages.
There is a stone staircase leading up here.
Casting: Scorch (safe; 3% risk of failure)
Confirm with . or Enter, or press ? or * to list all spells.
Flames lash Duvessa but do no damage.
Duvessa misses you.
Casting: Scorch (safe; 3% risk of failure)
Confirm with . or Enter, or press ? or * to list all spells.
Okay, then.
Okay, then.
It was a potion of haste.
You feel yourself speed up. Duvessa misses you.
Duvessa hits you but does no damage.
It was a potion of berserk rage.
A red film seems to cover your vision as you go berserk!
You feel yourself moving faster!
You feel mighty! Duvessa hits you with a +0 short sword!
You clumsily bash Duvessa but do no damage.
Duvessa hits you with a +0 short sword!
* * * LOW HITPOINT WARNING * * *
Duvessa hits you with a +0 short sword!
You die...

#.# #.# .#.#
#.#######.#.#
#.#.........#
#.#..@###.#.###
#.#.#e# ......
#######.#.#.##..#.#
#.................#
###.###...........#
#....##.###.###.###.#
######...............
#..##.###$###.##.
##.#........


You could see Duvessa (berserk).

Vanquished Creatures
  Dowan (D:4)
  An iguana (D:3)
  Robin (D:2)
  3 adders
  3 dart slugs
  An orc (D:3)
  5 bats
  4 endoplasms
  4 giant cockroaches
  14 goblins
  7 hobgoblins
  13 jackals
  4 quokkas
  4 ball pythons
  2 frilled lizards
  8 kobolds
  5 rats
80 creatures vanquished.

Vanquished Creatures (collateral kills)
  A foxfire (D:1)
1 creature vanquished.

Vanquished Creatures (others)
  198 foxfires
198 creatures vanquished.

Grand Total: 279 creatures vanquished

Notes
Turn   | Place    | Note
-------+----------+-------------------------------------------
     0 | D:1      | Arctor the Deep Elf Fire Elementalist began the quest for
                  | the Orb.
     0 | D:1      | Reached XP level 1. HP: 10/10 MP: 6/6
   300 | D:1      | Reached XP level 2. HP: 15/15 MP: 4/8
   951 | D:1      | Reached XP level 3. HP: 11/19 MP: 3/9
  1242 | D:1      | Learned a level 2 spell: Scorch
  1650 | D:2      | Found Otang's Weapon Emporium.
  1882 | D:2      | Found Odamesch's Armour Shoppe.
  1918 | D:2      | Noticed Robin
  1959 | D:2      | Killed Robin
  1960 | D:2      | Reached XP level 4. HP: 8/24 MP: 1/11
  2182 | D:2      | Found a faded altar of an unknown god.
  2475 | D:2      | Found Daggeukh's Armour Shoppe.
  3307 | D:3      | Reached XP level 5. HP: 28/28 MP: 13/13
  3704 | D:4      | Noticed Dowan
  3717 | D:4      | Noticed Duvessa
  3719 | D:4      | Killed Dowan
  3720 | D:4      | Reached skill level 1 in Ranged Weapons
  3731 | D:4      | Slain by Duvessa

Illustrated notes

Levels and vault maps discovered:
D:1:      dpeg_arrival_prison, layout_loops_ring, kennysheep_minor_cross
D:2:      layout_basic, serial_shops, shop, shop,
          nicolae_shop_bloodbath_and_beyond, hellmonk_ecumenical_altar_run_dry,
          st_stairs_7, uniq_robin
D:3:      layout_basic
D:4:      layout_basic, enter_ossuary_2, nicolae_concentric_dashed_squares_mild,
          uniq_pikel, uniq_duvessa, uniq_natasha

Skill      XL: |  1  2  3  4  5 |
---------------+----------------+-----
Stealth        | 3 4 |  4.0
Dodging        | 3 |  3.7
Conjurations   | 2 |  2.6
Spellcasting   | 4 |  4.4
Fire Magic     | 4 |  4.2
Ranged Weapons | 1 |  1.3

Action                     |  1- 3 |  4- 6 || total
---------------------------+-------+-------++-------
  Melee: Unarmed           |    24 |       ||    24
         Dagger            |    28 |    25 ||    53
         Triple crossbow   |       |     1 ||     1
   Fire: Triple crossbow   |       |    21 ||    21
   Cast: Foxfire           |    92 |    57 ||   149
         Scorch            |     4 |     3 ||     7
    Use: Scroll            |       |     1 ||     1
         Potion            |       |     2 ||     2
   Stab: Sleeping          |     1 |     1 ||     2
 Armour: Robe              |    49 |    28 ||    77
  Dodge: Dodged            |    79 |    48 ||   127
